 Dungeon Crawl Stone Soup version 0.28.0 (webtiles) character file.

Game seed: 11853694325397498885

6835 Dorkslayer the Spear-Bearer (level 11, -14/89 HPs)
             Began as a Merfolk Fighter on Mar 7, 2022.
             Was an Initiate of Gozag.
             Demolished by a cyclops (22 damage)
             ... on level 9 of the Dungeon.
             The game lasted 00:26:46 (9145 turns).

Dorkslayer the Spear-Bearer (Merfolk Fighter)       Turns: 9145, Time: 00:26:46

Health: -14/89     AC: 15    Str: 18    XL:     11   Next: 5%
Magic:  0/11       EV:  8    Int:  7    God:    Gozag
Gold:   655        SH:  5    Dex: 14    Spells: 10/10 levels left

rFire   + + .      SeeInvis .   a - +0 trident (flame)
rCold   . . .      Faith    .   c - +0 buckler
rNeg    . . .      Spirit   +   h - +0 chain mail
rPois   .          Reflect  .   n - +0 helmet of Luz Fovo {rElec rF++ Dex-3 Slay+3}
rElec   +          Harm     .   r - +1 cloak
rCorr   +          Rampage  .   f - +0 pair of gloves
Will    .....                   g - +0 pair of boots
Stlth   ..........              D - amulet of guardian spirit
HPRegen 0.24/turn               m - ring of resist corrosion
MPRegen 0.12/turn               (no ring)

@: no status effects
A: (nimble swimmer 2), mertail
a: Renounce Religion, Potion Petition, Call Merchant, Bribe Branch


You were on level 9 of the Dungeon.
You worshipped Gozag.
Gozag was pleased with you.
You visited 2 branches of the dungeon, and saw 10 of its levels.
You also visited: Sewer and Ossuary.

You collected 783 gold pieces.
You paid 128 gold pieces to Gozag.

Inventory:

Hand Weapons
 a - a +0 trident of flaming (weapon)
Missiles
 s - 2 boomerangs (quivered)
 z - a datura-tipped dart
 B - 2 throwing nets
 E - 6 poisoned darts
Armour
 c - a +0 buckler (worn)
 e - a +1 helmet
 f - a +0 pair of gloves (worn)
 g - a +0 pair of boots (worn)
 h - a +0 chain mail (worn)
 n - the +0 helmet of Luz Fovo (worn) {rElec rF++ Dex-3 Slay+3}
   (You found it in a sewer)

   Dex:       It affects your dexterity (-3).
   Slay:      It affects your accuracy & damage with ranged weapons and melee
   (+3).
   rF:        It greatly protects you from fire.
   rElec:     It insulates you from electricity.
 r - a +1 cloak (worn)
Jewellery
 m - a ring of resist corrosion (left hand)
 D - an amulet of guardian spirit (around neck)
Wands
 q - a wand of acid (1)
 y - a wand of iceblast (7)
 C - a wand of charming (10)
Scrolls
 i - 3 scrolls of fog
 j - 3 scrolls of blinking
 k - 2 scrolls of summoning
 l - 2 scrolls of fear
 v - 5 scrolls of teleportation
Potions
 b - 2 potions of resistance
 d - 2 potions of might
 o - 2 potions of lignification {unknown}
 p - 2 potions of haste
 t - 3 potions of flight
 u - 2 potions of ambrosia {unknown}
 x - 2 potions of mutation {unknown}
 A - a potion of berserk rage {unknown}
 F - a potion of brilliance {unknown}


   Skills:
 + Level 9.1 Fighting
 + Level 14.6 Polearms
 + Level 1.5 Throwing
 + Level 5.4 Armour
 + Level 3.0 Dodging
 + Level 2.8 Stealth
 + Level 5.8 Shields
 * Level 4.7 Evocations


You had 10 spell levels left.
You didn't know any spells.
Your spell library contained the following spells:

 Spells                   Type           Power      Damage    Failure   Level
 Foxfire                  Conj/Fire      0%         2x1d4     100%        1
 Sting                    Tmut/Pois      0%         1d3       100%        1
 Poisonous Vapours        Pois/Air       0%         N/A       100%        2
 Conjure Flame            Conj/Fire      0%         6-21      100%        3
 Gell's Gravitas          Tloc           0%         N/A       100%        3
 Inner Flame              Hex/Fire       0%         N/A       100%        3
 Lesser Beckoning         Tloc           0%         N/A       100%        3
 Teleport Other           Tloc           0%         N/A       100%        3
 Flame Wave               Conj/Fire      0%         2d4       100%        4
 Olgreb's Toxic Radiance  Pois           0%         N/A       100%        4
 Summon Forest            Summ/Tloc      0%         N/A       100%        5
 Eringya's Noxious Bog    Tmut/Pois      0%         N/A       100%        6
 Ozocubu's Refrigeration  Ice            0%         4d5       100%        7
 Summon Hydra             Summ           0%         N/A       100%        7
 Ignition                 Fire           0%         3d3       100%        8


Dungeon Overview and Level Annotations

Branches:
Dungeon (9/15)             Temple (1/1) D:4            Lair (0/6) D:8
  Sewer (visited)         Ossuary (visited)
    Orc: D:9-12

Altars:
Ashenzari
Cheibriados
Elyvilon
Gozag
Kikubaaqudgha
Nemelex Xobeh
Okawaru
Qazlal
Ru
Trog
Uskayaw
Vehumet
Wu Jian
Xom
Yredelemnul
Zin
The Shining One

Shops:
D:1 :


Innate Abilities, Weirdness & Mutations

((You are very nimble when in or above water. (Stealth+, EV+, Speed+++)))
Your lower body shifts to a powerful aquatic tail in water.


Message History

You hit the cyclops. You burn the cyclops.
The cyclops is moderately wounded.
You hit the cyclops. You burn the cyclops.
The cyclops is moderately wounded.
The cyclops hits you!
You puncture the cyclops! You burn the cyclops.
The cyclops is heavily wounded.
You hit the cyclops. You burn the cyclops.
The cyclops is heavily wounded.
The cyclops hits you!!
* * * LOW HITPOINT WARNING * * *
You feel better.
A howler monkey comes into view.
You feel better.
The howler monkey howls!
The howler monkey hoots and howls with incredible vigour!
You block the cyclops's attack.
You hit the cyclops. You burn the cyclops.
The cyclops is severely wounded.
A wyvern comes into view.
The wyvern hisses angrily.
You hit the cyclops. You burn the cyclops.
The cyclops is severely wounded.
The cyclops hits you!!
* * * LOW HITPOINT WARNING * * *
You feel better.
The howler monkey hits you but does no damage.
The howler monkey barely misses you. The cyclops hits you.
* * * LOW HITPOINT WARNING * * *
You hit the cyclops but do no damage.
The cyclops is severely wounded.
You hit the cyclops but do no damage.
The cyclops is severely wounded.
The howler monkey hits you.
* * * LOW HITPOINT WARNING * * *
You hit the cyclops. You burn the cyclops.
The cyclops is severely wounded.
The cyclops hits you!!
You die...
Your body crumbles into a pile of gold.

..#......[......'......
..'.............#......
#.............#...... ..
#.............#......
...##.....#########......
.......l..# ..######
..........# ... .
..####'### ...
....##.hh@.# h........C.#
.......$...# ...........#
########'### ... ....
#.... ....


You could see a cyclops, a wyvern and 2 howler monkeys.

Vanquished Creatures
  Pikel (D:6)
  A cyclops (D:8)
  A spriggan (D:8)
  A wyvern (D:9)
  6 yaks
  Eustachio (D:5)
  Menkaure (D:6)
  A water moccasin (D:5)
  An orc warrior (D:8)
  2 sky beasts
  A hornet zombie (Ossuary)
  A black bear (D:4)
  An ice beast (D:7)
  2 necrophages
  3 ogres
  A centaur (D:8)
  2 kobold brigands (D:7)
  An elf zombie (D:4)
  2 bullfrogs
  3 elf skeletons (D:4)
  A scorpion (D:5)
  4 wyvern zombies
  5 water moccasin zombies (Ossuary)
  A water moccasin skeleton (D:6)
  A howler monkey (D:4)
  6 centaur zombies
  10 bullfrog zombies
  4 hounds
  4 centaur skeletons
  2 orc priests
  5 iguanas
  3 bullfrog skeletons
  4 gnoll shamans
  2 human skeletons (D:4)
  5 orc wizards
  A killer bee zombie (D:6)
  13 mummies (Ossuary)
  4 howler monkey zombies (Ossuary)
  Robin (D:3)
  20 gnolls
  9 adders
  2 white imps
  2 ufetubi
  An adder zombie (D:2)
  4 worms
  2 dart slugs (D:2)
  21 orcs
  14 ball pythons
  A bat zombie (D:2)
  17 endoplasms
  8 giant cockroaches
  13 goblins
  11 hobgoblins
  7 jackals
  15 kobolds
  11 quokkas
  A ball python zombie (D:2)
  8 bats
  11 frilled lizards
  2 quokka zombies (D:2)
  7 rats
296 creatures vanquished.

Vanquished Creatures (collateral kills)
  A howler monkey (D:6)
  An orc priest (D:5)
  2 orc wizards
  7 gnolls (D:6)
  A dart slug (D:5)
  6 orcs
  An endoplasm (D:3)
  2 kobolds (D:7)
21 creatures vanquished.

Vanquished Creatures (others)
  A gnoll shaman (D:6)
  2 gnolls (D:6)
  An orc (D:4)
  3 plants (D:1)
  2 withered plants (D:2)
9 creatures vanquished.

Grand Total: 326 creatures vanquished

Notes
Turn   | Place    | Note
-------+----------+-------------------------------------------
     0 | D:1      | Dorkslayer the Merfolk Fighter began the quest for the Orb.
     0 | D:1      | Reached XP level 1. HP: 18/18 MP: 1/1
    69 | D:1      | Reached XP level 2. HP: 20/24 MP: 2/2
   305 | D:1      | Found Wiesowki's Book Emporium.
   580 | D:1      | Reached XP level 3. HP: 29/29 MP: 3/3
  1117 | D:1      | Found a faded altar of an unknown god.
  1322 | D:2      | Reached skill level 4 in Polearms
  1409 | D:2      | Reached XP level 4. HP: 27/37 MP: 4/4
  1515 | D:2      | Found a snail-covered altar of Cheibriados.
  1816 | D:3      | Noticed Robin
  1832 | D:3      | Killed Robin
  1833 | D:3      | Reached skill level 5 in Polearms
  1850 | D:3      | Reached XP level 5. HP: 19/42 MP: 5/5
  2002 | D:3      | Found a glowing drain.
  2012 | Sewer    | Entered a sewer
  2356 | Sewer    | Reached skill level 1 in Dodging
  2464 | Sewer    | Reached skill level 6 in Polearms
  2532 | Sewer    | Reached XP level 6. HP: 12/49 MP: 6/6
  2538 | Sewer    | Identified the +0 helmet of Luz Fovo {rElec rF++ Dex-3
                  | Slay+3}
  3597 | D:3      | Reached skill level 7 in Polearms
  3930 | D:4      | Noticed a black bear
  3947 | D:4      | Killed a black bear
  3948 | D:4      | Reached XP level 7. HP: 55/55 MP: 7/7
  4004 | D:4      | Found a staircase to the Ecumenical Temple.
  4014 | Temple   | Entered the Ecumenical Temple
  4314 | D:4      | Reached skill level 1 in Stealth
  4331 | D:4      | Reached skill level 5 in Fighting
  4335 | D:4      | Found a sand-covered staircase.
  4340 | D:4      | Reached skill level 8 in Polearms
  4343 | Ossuary  | Entered an ossuary
  4381 | Ossuary  | Reached XP level 8. HP: 44/62 MP: 8/8
  4399 | Ossuary  | Reached skill level 9 in Polearms
  4479 | Ossuary  | Reached skill level 10 in Polearms
  4828 | Ossuary  | Reached XP level 9. HP: 71/71 MP: 9/9
  4969 | D:4      | Reached skill level 5 in Shields
  5178 | D:4      | Reached skill level 11 in Polearms
  5371 | D:5      | Entered Level 5 of the Dungeon
  5533 | D:5      | Found an ornate altar of the Wu Jian Council.
  5788 | D:5      | You fall into a shaft and drop 3 floors!
  5788 | D:8      | Noticed a cyclops
  5915 | D:6      | Noticed Pikel
  5924 | D:6      | Reached skill level 1 in Evocations
  5938 | D:6      | Killed Pikel
  5939 | D:6      | Reached skill level 12 in Polearms
  5939 | D:6      | Reached skill level 1 in Throwing
  5946 | D:6      | Noticed Menkaure
  5950 | D:6      | Killed Menkaure
  5969 | D:6      | Reached XP level 10. HP: 41/80 MP: 10/10
  5998 | D:6      | Reached skill level 5 in Armour
  6003 | D:6      | Reached skill level 13 in Polearms
  6723 | D:5      | Noticed Eustachio
  6734 | D:5      | Killed Eustachio
  7239 | D:7      | Found a glowing silver altar of Zin.
  7240 | D:7      | Found an opulent altar of Gozag.
  7255 | D:7      | Became a worshipper of Gozag Ym Sagoz the Greedy
  7594 | D:7      | Found Atukym's Antique Armour Emporium.
  7916 | D:8      | Reached skill level 14 in Polearms
  8059 | D:8      | Killed a cyclops
  8537 | D:8      | Identified the +0 hat of Yredelemnul's Whim {+Blink Will-
                  | Int+8 Dex-3}
  8596 | D:8      | Found a staircase to the Lair.
  8791 | D:9      | Reached XP level 11. HP: 80/89 MP: 8/11
  9127 | D:9      | Noticed a cyclops
  9145 | D:9      | Demolished by a cyclops

Illustrated notes

Levels and vault maps discovered:
D:1:      minmay_arrival_diagonal_passages, layout_loops_ring, serial_shops,
          nicolae_lakefront_shop, shapermc_ecumenical_altar_mp_vishouse,
          serial_forest, infiniplex_forest_clump_curved,
          infiniplex_forest_3_way, infiniplex_forest_clump_large,
          infiniplex_forest_end_3, infiniplex_forest_straight_2,
          infiniplex_forest_end_1, roderic_lattice_a
D:2:      layout_rooms, basic_altar, serial_undead, serial_undead_a,
          serial_undead_f, serial_undead_b, serial_undead_a, serial_undead_e,
          serial_undead_b, serial_undead_c, serial_undead_e
D:3:      layout_loops_ring, gup_sewer_entry_bubbles, minmay_cupped, uniq_robin
D:4:      layout_basic, minmay_temple_entry_steel_oval,
          nicolae_ossuary_entry_catacombs
D:5:      layout_loops_cross, nicolae_wu_jian_immortal_techniques,
          hangedman_decor_lopped, uniq_eustachio
D:6:      layout_rooms, grunt_ministairs_8, uniq_menkaure, uniq_pikel
D:7:      layout_rooms, grunt_temple_overflow_gold_and_silver, serial_shops,
          nicolae_shop_statue_plus
D:8:      layout_loops_ring, lair_entry_dummy, the_hattery
D:9:      layout_gridville, minmay_shop_chei
Temple:   oiseaux_autumnal_temple

Skill      XL: |  1  2  3  4  5  6  7  8  9 10 |
---------------+-------------------------------+-----
Polearms       | 4 5 6 7 8 10 12 14 | 14.6
Dodging        | 1 2 3 |  3.0
Fighting       | 4 5 6 7 9 |  9.1
Armour         | 3 4 5 |  5.4
Shields        | 4 5 |  5.8
Stealth        | 2 |  2.8
Evocations     | 2 4 |  4.7
Throwing       | 1 |  1.5

Action                   |  1- 3 |  4- 6 |  7- 9 | 10-12 || total
-------------------------+-------+-------+-------+-------++-------
Melee: Trident           |   131 |   320 |   329 |   320 ||  1100
       Tailslap          |       |     4 |       |       ||     4
Throw: Dart              |       |     3 |     4 |     5 ||    12
       Boomerang         |       |       |       |     1 ||     1
Evoke: Wand              |       |       |     2 |     1 ||     3
  Use: Scroll            |     2 |     5 |     4 |     4 ||    15
       Potion            |       |     2 |     4 |     4 ||    10
 Stab: Distracted        |       |     2 |     1 |     1 ||     4
Armor: Scale mail        |    26 |       |       |       ||    26
       Chain mail        |    12 |   182 |   135 |    72 ||   401
Dodge: Dodged            |    33 |    87 |    65 |    54 ||   239
Block: Buckler           |    20 |    80 |    43 |    36 ||   179
